 Dungeon Sprint DCSS version 0.26-a0-720-g2a1d101370 (webtiles) character file.

Game seed: 15146195262328880143

623 mhtbhm the Fighter (level 7, -1/73 HPs)
             Began as a Minotaur Fighter on Nov 3, 2020.
             Was an Initiate of Gozag.
             Killed from afar by an acid dragon (13 damage)
             ... with a splash of acid
             ... in the Dungeon (Sprint VII: "The Pits").
             The game lasted 00:01:17 (728 turns).

mhtbhm the Fighter (Minotaur Fighter)                Turns: 728, Time: 00:01:18

Health: -1/73      AC:  6    Str: 22    XL:     7   Next: 22%
Magic:  6/6        EV:  8    Int:  5    God:    Gozag
Gold:   1125       SH: 12    Dex: 10    Spells: 6/6 levels left

rFire    . . .     SeeInvis .   a - +2 falchion (vamp)
rCold    . . .     Faith    .   c - +0 kite shield
rNeg     . . .     Spirit   .   b - +3 chain mail
rPois    .         Reflect  .   (helmet restricted)
rElec    .         Harm     .   (no cloak)
rCorr    .         Rampage  .   (no gloves)
MR       .....     NoTele   +   (no boots)
Stlth    ..........             (no amulet)
HPRegen  0.22/turn              (no ring)
MPRegen  0.10/turn              (no ring)

@: corroded
A: retaliatory headbutt, horns 2
a: Potion Petition, Call Merchant, Bribe Branch, Renounce Religion


You were in the Dungeon.
You worshipped Gozag.
Gozag was most pleased with you.
You visited 1 branch You collected 1125 gold pieces.

Inventory:

Hand Weapons
 a - a +2 vampiric falchion (weapon)
Armour
 b - a +3 chain mail (worn)
 c - a +0 kite shield (worn)
Scrolls
 j - a scroll of blinking
 l - 3 scrolls of remove curse
 m - 5 scrolls of amnesia
 n - a scroll of summoning
Potions
 d - a potion of might
 e - 4 potions of curing
 f - 6 potions of heal wounds
 g - a potion of haste
 h - 4 potions of magic
 i - a potion of berserk rage
 k - 2 potions of invisibility


   Skills:
 + Level 10.7 Fighting
 + Level 8.2 Long Blades
 + Level 10.4 Armour
 + Level 1.7 Dodging
 + Level 0.4 Stealth
 + Level 9.9 Shields


You had 6 spell levels left.
You didn't know any spells.
Your spell library was empty.

Dungeon Overview and Level Annotations

Branches:
Dungeon (1/1)

Altars:
Ashenzari
Cheibriados
Dithmenos
Elyvilon
Fedhas
Gozag
Hepliaklqana
Kikubaaqudgha
Makhleb
Nemelex Xobeh
Okawaru
Qazlal
Ru
Sif Muna
Trog
Uskayaw
Vehumet
Wu Jian
Xom
Yredelemnul
Zin
The Shining One
Beogh
Jiyva
Lugonu


Innate Abilities, Weirdness & Mutations

You reflexively headbutt those who attack you in melee.
You have a pair of horns on your head.


Message History

The acid dragon is lightly wounded.
The acid dragon spits acid at you. The splash of acid hits you!
The acid corrodes you!
You are splashed with acid!
* * * LOW HITPOINT WARNING * * *
You closely miss the acid dragon. You headbutt the acid dragon.
The acid dragon is heavily wounded.
The acid dragon bites you.
* * * LOW HITPOINT WARNING * * *
The acid dragon claws you but does no damage.
You hit the acid dragon but do no damage.
You headbutt the acid dragon, but do no damage.
The acid dragon is heavily wounded.
You block the acid dragon's attack. The acid dragon claws you.
* * * LOW HITPOINT WARNING * * *
You hit the acid dragon but do no damage.
The acid dragon is heavily wounded.
The acid dragon spits acid at you. The splash of acid hits you!
You die...
Your body crumbles into a pile of gold.

#.#........##.......#
##..
#.#........##.......#
..#
#'###########.......#
.## #.......#
######### W.
#..#.#..# Z.
#.##.##.# ##.
#.......#+#
#.##.##.#D+
#..#.#..#@#
#.......'.#
###########


You could see an acid dragon (catching breath).

Vanquished Creatures
  A flying skull (D)
  A shadow (D)
  A wolf (D)
  A bullfrog (D)
  A gnoll sergeant (D)
  A quasit (D)
  5 gnolls (D)
  An adder (D)
  2 leopard geckos (D)
  A giant cockroach (D)
  A kobold (D)
  A quokka (D)
  A bat (D)
  3 frilled lizards (D)
  2 giant cockroach zombies (D)
23 creatures vanquished.

Notes
Turn   | Place    | Note
-------+----------+-------------------------------------------
     0 | D        | mhtbhm the Minotaur Fighter began the quest for the Orb.
     0 | D        | Reached XP level 1. HP: 19/19 MP: 0/0
    14 | D        | Noticed a shadow
    28 | D        | Killed a shadow
    28 | D        | Reached XP level 2. HP: 31/35 MP: 1/1
    28 | D        | Reached XP level 3. HP: 36/40 MP: 2/2
    28 | D        | Reached XP level 4. HP: 43/48 MP: 3/3
    28 | D        | Reached XP level 5. HP: 47/53 MP: 4/4
   152 | D        | Found a bloodstained altar of Trog.
   152 | D        | Found a shimmering blue altar of Sif Muna.
   152 | D        | Found a viscous altar of Jiyva.
   152 | D        | Found a hazy altar of Hepliaklqana.
   152 | D        | Found an opulent altar of Gozag.
   153 | D        | Found a glowing golden altar of the Shining One.
   153 | D        | Found a glowing silver altar of Zin.
   153 | D        | Found a basalt altar of Yredelemnul.
   153 | D        | Found a shimmering altar of Xom.
   153 | D        | Found an ornate altar of the Wu Jian Council.
   153 | D        | Found a sacrificial altar of Ru.
   153 | D        | Found a stormy altar of Qazlal.
   153 | D        | Found an iron altar of Okawaru.
   153 | D        | Found a sparkling altar of Nemelex Xobeh.
   153 | D        | Found a burning altar of Makhleb.
   153 | D        | Found a blossoming altar of Fedhas.
   153 | D        | Found a white marble altar of Elyvilon.
   153 | D        | Found a shadowy altar of Dithmenos.
   153 | D        | Found a snail-covered altar of Cheibriados.
   155 | D        | Found a radiant altar of Vehumet.
   155 | D        | Found a corrupted altar of Lugonu.
   155 | D        | Found a roughly hewn altar of Beogh.
   156 | D        | Found a hide-covered altar of Uskayaw.
   156 | D        | Found an ancient bone altar of Kikubaaqudgha.
   156 | D        | Found a broken altar of Ashenzari.
   164 | D        | Became a worshipper of Gozag Ym Sagoz the Greedy
   432 | D        | Noticed a flying skull
   435 | D        | Reached skill level 5 in Long Blades
   435 | D        | Reached XP level 6. HP: 62/63 MP: 5/5
   469 | D        | Killed a flying skull
   469 | D        | Reached skill level 10 in Fighting
   469 | D        | Reached skill level 1 in Dodging
   483 | D        | Reached skill level 10 in Armour
   490 | D        | Reached XP level 7. HP: 25/73 MP: 6/6
   728 | D        | Killed from afar by an acid dragon

Illustrated notes

Levels and vault maps discovered:
D:        pitsprint [storerooms_1, entrance_room_1, metal_vault_5, armoury_3,
          mini_pit_1, grid_room_1, main_hall_1, silver_pit, the_coven_1,
          the_vestibule_1, steel_vault_4, golden_pit, hallway_of_sentries,
          crystal_vault_6, iron_vault_4, final_vault]

Skill      XL: |  1  2  3  4  5  6  7 |
---------------+----------------------+-----
Fighting       | 7 9 10 | 10.7
Long Blades    | 4 5 7 8 |  8.2
Armour         | 7 9 10 | 10.4
Shields        | 7 8 9 |  9.9
Dodging        | 1 |  1.7
Stealth        | |  0.4

Action                   |  1- 3 |  4- 6 |  7- 9 || total
-------------------------+-------+-------+-------++-------
Melee: Long sword        |     2 |     8 |       ||    10
       Headbutt          |     1 |     8 |     4 ||    13
       Falchion          |       |    54 |    21 ||    75
  Use: Potion            |     1 |     3 |       ||     4
Armor: Scale mail        |     1 |    15 |       ||    16
       Chain mail        |       |    25 |    11 ||    36
Dodge: Dodged            |       |     7 |     3 ||    10
Block: Kite shield       |       |    35 |    11 ||    46
       Rpst.: Falchion   |       |     1 |     1 ||     2

Table legend: (Time is in decaauts)
 A = Elapsed time spent in this place.
 B = Non-inter-level travel time spent in this place.
 C = Inter-level travel time spent in this place.
 D = Time resting spent in this place.
 E = Time spent auto-exploring this place.
 F = Levels seen in this place.
 G = Mean time per level.
                   A        B        C        D        E       F      G
               +--------+--------+--------+--------+--------+-----+--------+
         Total |    750 |    750 |      0 |    396 |     45 |   1 |  750.0 |
       Dungeon |    750 |    750 |      0 |    396 |     45 |   1 |  750.0 |
               +--------+--------+--------+--------+--------+-----+--------+

Top non-repeatable levels by time:
       D: 750 daAuts
